 Dungeon Crawl Stone Soup version 0.30.1-3-gfc49f6343a (webtiles) character file.

Game seed: 1027633207288018250

1420 Bronimir the Slasher (level 8, -5/61 HPs)
             Began as a Demonspawn Berserker on July 10, 2023.
             Was a Follower of Trog.
             Killed by an exploding Prince Ribbit (20 damage)
             ... ignited by their inner flame
             ... on level 6 of the Dungeon on July 19, 2023.
             The game lasted 00:17:35 (5767 turns).

Bronimir the Slasher (Demonspawn Berserker)         Turns: 5767, Time: 00:17:36

Health: -5/61      AC:  8    Str: 19    XL:     8   Next: 43%
Magic:  8/8        EV: 12    Int: 15    God:    Trog [*.....]
Gold:   374        SH:  4    Dex: 13    Spells: 7/7 levels left

rFire   + . .        a - +0 falchion
rCold   . . .        w - orb {light}
rNeg    . . .        n - +0 ring mail
rPois   .            (helmet restricted)
rElec   .            (no cloak)
rCorr   .            (no gloves)
SInv    .            (no boots)
Will    .....        (no amulet)
Stlth   +            j - +6 ring of intelligence
HPRegen 0.30/turn    (no ring)
MPRegen 0.11/turn

%: no passive effects
@: on berserk cooldown, slowed, glowing, very slow
A: antennae 2, slimy green scales 1, ignite blood 1, large bone plates 1, fire
resistance 1
a: Renounce Religion, Berserk


You were on level 6 of the Dungeon.
You worshipped Trog.
Trog was aware of your devotion.
You visited 1 branch of the dungeon, and saw 6 of its levels.

You collected 374 gold pieces.

Inventory:

Hand Weapons
 a - a +0 falchion (weapon)
 t - a +0 war axe
 u - a +0 glaive
 x - a +0 battleaxe
 z - a +0 quarterstaff
Missiles
 e - 19 poisoned darts (quivered)
 f - 86 stones
 i - 6 atropa-tipped darts
Armour
 n - a +0 ring mail (worn)
 w - an orb of light (worn)
Jewellery
 j - a +6 ring of intelligence (left hand)
 m - a +6 ring of dexterity
 r - a +5 ring of evasion
 A - a +5 ring of evasion
 E - an amulet of magic regeneration
Wands
 o - a wand of digging (5)
 y - a wand of iceblast (6)
Scrolls
 l - 3 scrolls of identify
 v - a scroll of teleportation
 B - a scroll of summoning {unknown}
 C - a scroll of immolation
Potions
 b - 2 potions of might
 d - 2 potions of attraction {unknown}
 g - a potion of curing
 h - a potion of haste
 k - 3 potions of mutation
 p - a potion of flight {unknown}
 q - a potion of lignification
 s - a potion of brilliance {unknown}
 D - a potion of heal wounds {unknown}


   Skills:
 + Level 4.5 Fighting
 * Level 7.1 Long Blades
 + Level 0.5 Throwing
 * Level 5.5 Armour
 + Level 3.2 Dodging
 + Level 0.6 Shields


You had 7 spell levels left.
You didn't know any spells.
Your spell library contained the following spells:

 Spells                   Type           Power      Damage    Failure   Level
 Freeze                   Ice            0%         1d3       41%         1
 Dazzling Flash           Conj/Hex       0%         N/A       78%         3
 Frozen Ramparts          Ice            0%         1d1       78%         3
 Hailstorm                Conj/Ice       0%         3d3       78%         3
 Agony                    Necr           0%         N/A       100%        5
 Silence                  Hex/Air        0%         N/A       100%        5


Dungeon Overview and Level Annotations

Branches:
Dungeon (6/15)
 Temple: D:4-7

Altars:
Cheibriados


Innate Abilities, Weirdness & Mutations

You have a pair of antennae on your head.
You are partially covered in slimy green scales. (AC +2)
Your demonic aura sometimes causes spilled blood to erupt in flames.
You are partially covered in large bone plates. (SH +4)
Your flesh is heat resistant. (rF+)


Message History

You hit Prince Ribbit.
Prince Ribbit is severely wounded.
Prince Ribbit hits you but does no damage.
Prince Ribbit hits you.
A red film seems to cover your vision as you go berserk!
You feel yourself moving faster!
You feel mighty!
Prince Ribbit blinks!
You feel a strong urge to attack something.
You slash Prince Ribbit!
Prince Ribbit is severely wounded.
Prince Ribbit blinks!
You feel a strong urge to attack something.
Prince Ribbit hits you!
There is a stone staircase leading down, spattered with blood here.
You are too injured to fight recklessly!
You are too injured to fight recklessly!
You barely miss Prince Ribbit.
Prince Ribbit is severely wounded.
You are no longer berserk.
You are exhausted.
You feel yourself slow down.
Prince Ribbit blinks!
Prince Ribbit lets out a mournful croak.
Prince Ribbit barely misses you.
Prince Ribbit blinks!
Okay, then.
Prince Ribbit blinks!
Found 2 throwing nets.
Prince Ribbit blinks!
Really read the scroll of immolation?
As you read the scroll of immolation, it crumbles to dust.
The creatures around you are filled with an inner flame!
Prince Ribbit blinks!
Prince Ribbit blinks!
Really read the scroll of torment?
As you read the scroll of torment, it crumbles to dust.
Your body is wracked with pain!
* * * LOW HITPOINT WARNING * * *
Prince Ribbit convulses!
Flame seeps out of Prince Ribbit.
Prince Ribbit is engulfed in blazing flames.
Trog accepts your kill.
Prince Ribbit explodes!
The fiery explosion engulfs you!! You resist.
You die...

#....(.#......#..
#....☼.#......#..
#......#..##+##..
#+####+#......#..##..##'
..............#..##.....
..............#...#.....
..............#...#.....
.....§§§○.....#...#..###
.....§○@......#...#..#..
.....§§.>.....######'#..
####+##+##+#............
#............
#............
#............
#............
#............
###########.)


There were no monsters in sight!

Vanquished Creatures
  Grinder (D:3)
  Prince Ribbit (D:6)
  2 sky beasts (D:6)
  A black bear (D:4)
  3 phantoms
  A kobold brigand (D:5)
  3 scorpions
  A howler monkey (D:6)
  A gnoll bouda (D:5)
  2 hounds
  4 iguanas
  Ijyb (D:3)
  8 gnolls
  6 adders
  A shadow imp (D:6)
  2 ufetubi (D:5)
  3 worms
  4 dart slugs
  3 orcs
  9 ball pythons
  5 bats
  4 endoplasms
  4 giant cockroaches
  6 goblins
  5 hobgoblins
  2 quokkas (D:3)
  A frilled lizard (D:2)
  6 kobolds
  4 rats
94 creatures vanquished.

Notes
Turn   | Place    | Note
-------+----------+-------------------------------------------
     0 | D:1      | Bronimir the Demonspawn Berserker began the quest for the
                  | Orb.
     0 | D:1      | Reached XP level 1. HP: 18/18 MP: 1/1
   349 | D:1      | Reached skill level 3 in Long Blades
   350 | D:1      | Gained mutation: You have a pair of small antennae on your
                  | head. [demonic ancestry]
   350 | D:1      | Reached XP level 2. HP: 15/24 MP: 2/2
   952 | D:2      | Reached XP level 3. HP: 29/29 MP: 3/3
  1004 | D:2      | Found a snail-covered altar of Cheibriados.
  1350 | D:2      | Gained mutation: You have a pair of antennae on your head.
                  | [demonic ancestry]
  1350 | D:2      | Reached XP level 4. HP: 26/35 MP: 4/4
  1472 | D:2      | Reached skill level 4 in Long Blades
  1804 | D:3      | Noticed Ijyb
  1814 | D:3      | Killed Ijyb
  2169 | D:3      | Noticed Grinder
  2171 | D:3      | Paralysed by Grinder for 2 turns
  2183 | D:3      | Killed Grinder
  2184 | D:3      | Reached skill level 5 in Long Blades
  2184 | D:3      | Reached XP level 5. HP: 42/42 MP: 5/5
  2184 | D:3      | Reached XP level 6. HP: 48/48 MP: 6/6
  2356 | D:3      | Reached ** piety under Trog
  2916 | D:4      | Identified the +7 hand axe of the Writhing Sybil {heavy,
                  | rElec rC++ Dex-2 Stlth-}
  2935 | D:4      | Gained mutation: You are partially covered in slimy green
                  | scales. (AC +2) [demonic ancestry]
  2935 | D:4      | Reached XP level 7. HP: 53/53 MP: 7/7
  3028 | D:4      | Identified the +0 leather armour "Painnu" {-Cast Harm rPois
                  | Stlth+}
  3307 | D:5      | Entered Level 5 of the Dungeon
  3551 | D:5      | Gained mutation: Your flesh is heat resistant. (rF+)
                  | [potion of mutation]
  3551 | D:5      | Gained mutation: You are partially covered in large bone
                  | plates. (SH +4) [potion of mutation]
  3789 | D:5      | Reached skill level 6 in Long Blades
  4801 | D:6      | Upgraded the game from 0.30.1 to 0.30.1-1-g62c8e00024
  4814 | D:6      | Upgraded the game from 0.30.1-1-g62c8e00024 to
                  | 0.30.1-3-gfc49f6343a
  4833 | D:6      | Reached skill level 5 in Armour
  4833 | D:6      | Gained mutation: Your demonic aura sometimes causes spilled
                  | blood to erupt in flames. [demonic ancestry]
  4833 | D:6      | Reached XP level 8. HP: 60/61 MP: 8/8
  5537 | D:6      | Reached skill level 7 in Long Blades
  5743 | D:6      | Noticed Prince Ribbit
  5767 | D:6      | Killed Prince Ribbit
  5767 | D:6      | Killed by an exploding Prince Ribbit... ignited by their
                  | inner flame

Illustrated notes

Levels and vault maps discovered:
D:1:      minmay_arrival_up_and_down, layout_basic, minmay_split_cup_large
D:2:      layout_rooms, basic_altar
D:3:      layout_loops_cross, minmay_cut_off, uniq_grinder, uniq_ijyb
D:4:      layout_basic
D:5:      layout_basic
D:6:      layout_gridville, uniq_prince_ribbit1

Skill      XL: |  1  2  3  4  5  6  7  8 |
---------------+-------------------------+-----
Long Blades    | 3 5 6 7 |  7.1
Armour         | 2 3 5 |  5.5
Dodging        | 2 3 |  3.2
Fighting       | 4 |  4.5
Throwing       | |  0.5
Shields        | |  0.6

Action                     |  1- 3 |  4- 6 |  7- 9 || total
---------------------------+-------+-------+-------++-------
  Melee: Falchion          |    98 |   118 |   215 ||   431
         Punch             |     3 |     1 |     2 ||     6
  Throw: Dart              |       |       |     7 ||     7
 Invoke: Berserk           |     5 |     6 |    11 ||    22
    Use: Scroll            |       |       |    12 ||    12
         Potion            |       |       |     8 ||     8
   Stab: Sleeping          |     1 |       |       ||     1
 Armour: Animal skin       |    19 |       |       ||    19
         Ring mail         |     9 |    25 |    83 ||   117
  Dodge: Dodged            |    78 |    65 |   165 ||   308
  Block: Other             |       |       |    25 ||    25
         Orb               |       |       |     1 ||     1
